 Dungeon Crawl Stone Soup version 0.27-a0-836-gfc908b8576 (webtiles) character file.

Game seed: 10989517513493231997

181 polve the Skirmisher (level 5, 0/47 HPs)
             Began as a Draconian Transmuter on Apr 1, 2021.
             Slain by a phantom (6 damage)
             ... on level 4 of the Dungeon.
             The game lasted 00:02:39 (3674 turns).

polve the Skirmisher (Draconian Transmuter)         Turns: 3674, Time: 00:02:40

Health: 0/47       AC:  5    Str: 12    XL:     5   Next: 34%
Magic:  17/17      EV: 12    Int: 15    God:
Gold:   132        SH:  0    Dex: 11    Spells: 7/8 levels left

rFire    . . .     SeeInvis .     - Unarmed
rCold    . . .     Faith    .   (no shield)
rNeg     . . .     Spirit   .   (armour unavailable)
rPois    .         Reflect  .   (helmet currently unavailable)
rElec    .         Harm     .   (no cloak)
rCorr    +         Rampage  .   (no gloves)
Will     .....                  (boots currently unavailable)
Stlth    +.........             (no amulet)
HPRegen  0.15/turn              a - ring of resist corrosion
MPRegen  0.15/turn              c - ring of magical power

@: appendages (expiring)
A: horns 2, talons 2, AC +5, unfitting armour, cold-blooded
a: End Transformation


You were on level 4 of the Dungeon.
You had temporarily grown beastly horns and talons.
You visited 1 branch of the dungeon, and saw 4 of its levels.

You collected 132 gold pieces.

Inventory:

Jewellery
 a - a ring of resist corrosion (left hand)
 c - a ring of magical power (right hand)
Scrolls
 b - a scroll of enchant armour {unknown}
 d - a scroll of silence {unknown}
 f - a scroll of magic mapping {unknown}
 g - a scroll of amnesia {unknown}
 i - a scroll of enchant weapon {unknown}
 j - a scroll of identify {unknown}
 m - a scroll of blinking {unknown}
Potions
 h - a potion of berserk rage {unknown}
 l - a potion of heal wounds {unknown}


   Skills:
 * Level 4.7 Fighting
 - Level 1.7 Dodging
 + Level 4.3 Unarmed Combat
 - Level 2.0 Spellcasting
 - Level 2.0 Transmutations


You had 7 spell levels left.
You knew the following spells:

 Your Spells              Type           Power      Damage    Failure   Level
a - Beastly Appendage     Tmut           14%        N/A       10%         1

Your spell library contained the following spells:

 Spells                   Type           Power      Damage    Failure   Level
 Wereblood                Tmut           7%         N/A       14%         2
 Spider Form              Tmut/Pois      2%         N/A       41%         3
 Confusing Touch          Hex            1%         N/A       54%         3
 Gell's Gravitas          Tloc           0%         N/A       54%         3
 Ice Form                 Ice/Tmut       4%         N/A       82%         4
 Petrify                  Tmut/Erth      4%         N/A       82%         4
 Hydra Form               Tmut           3%         N/A       95%         5
 Metabolic Englaciation   Hex/Ice        0%         N/A       99%         5
 Yara's Violent Unravell  Hex/Tmut       2%         3d3       99%         5


Dungeon Overview and Level Annotations

Branches:
Dungeon (4/15)
 Temple: D:4-7

Altars:
Cheibriados


Innate Abilities, Weirdness & Mutations

You have temporarily grown beastly horns and talons.
Your plain brown scales are hard. (AC +5)
You cannot fit into any form of body armour.
You are cold-blooded and may be slowed by cold attacks.


Message History

The phantom is lightly damaged.
The phantom barely misses you.
You barely miss the phantom.
The phantom is lightly damaged.
The phantom misses you.
You closely miss the phantom.
The phantom is lightly damaged.
The phantom closely misses you.
Casting: Beastly Appendage (safe; 10% risk of failure)
Confirm with . or Enter, or press ? or * to list all spells.
You grow a pair of large bovine horns.
Your feet morph into talons.
The phantom closely misses you.
You closely miss the phantom. You claw the phantom.
The phantom is lightly damaged.
The phantom closely misses you.
You punch the phantom!
The phantom is moderately damaged.
The phantom hits you but does no damage.
You hit the phantom but do no damage.
The phantom is moderately damaged.
The phantom completely misses you.
You closely miss the phantom. Your kick misses the phantom.
The phantom is moderately damaged.
Your transformation is almost over.
The phantom hits you.
* * * LOW HITPOINT WARNING * * *
The phantom blinks!
You blink.
You hit the phantom. You headbutt the phantom.
The phantom is heavily damaged.
The phantom hits you!
* * * LOW HITPOINT WARNING * * *
The phantom blinks!
You blink.
It was a potion of curing.
You feel better. The phantom closely misses you.
You hit the phantom.
The phantom is heavily damaged.
The phantom hits you.
* * * LOW HITPOINT WARNING * * *
It was a potion of magic.
Magic courses through your body. The phantom hits you.
You die...

##...#######.....##
+.................#
#(................#
#..>............#
#...##...##.†...#
##...##...##.....##
+..........#......#
#....W.....#......# .
#....@.....#.....##...
#..........#.....##...
#....>.....#..........
####.#######.....##...
#+ #.....##...
#.....##...
#.....##...
#..........
#..........


You could see a phantom.

Vanquished Creatures
  An iguana (D:3)
  8 adders (D:2)
  A gnoll (D:1)
  2 worms
  2 dart slugs
  5 ball pythons
  7 bats
  4 endoplasms
  10 giant cockroaches
  4 hobgoblins
  3 jackals (D:3)
  5 kobolds
  A quokka (D:4)
  A frilled lizard (D:2)
  5 goblins
  4 rats
63 creatures vanquished.

Notes
Turn   | Place    | Note
-------+----------+-------------------------------------------
     0 | D:1      | polve the Draconian Transmuter began the quest for the Orb.
     0 | D:1      | Reached XP level 1. HP: 16/16 MP: 3/3
   255 | D:1      | Reached XP level 2. HP: 24/24 MP: 5/5
   589 | D:1      | Reached XP level 3. HP: 30/30 MP: 4/6
  1286 | D:2      | Reached XP level 4. HP: 37/38 MP: 5/7
  2956 | D:3      | Reached XP level 5. HP: 41/46 MP: 8/8
  3337 | D:3      | Found a snail-covered altar of Cheibriados.
  3648 | D:4      | Noticed a phantom
  3674 | D:4      | Slain by a phantom

Illustrated notes

Levels and vault maps discovered:
D:1:      minmay_arrival_stair_chambers, layout_basic, hangedman_decor_points,
          minmay_worlds_worst_comb
D:2:      layout_basic, minmay_tetromino_t2
D:3:      layout_basic, kennysheep_slug_shrine
D:4:      layout_gridville

Skill      XL: |  1  2  3  4 |
---------------+-------------+-----
Fighting       | 2 3 4 |  4.7
Unarmed Combat | 4 |  4.3
Dodging        | |  1.7
Spellcasting   | |  2.0
Transmutations | |  2.0

Action                   |  1- 3 |  4- 6 || total
-------------------------+-------+-------++-------
Melee: Unarmed           |    87 |   137 ||   224
       Kick              |    12 |    24 ||    36
       Headbutt          |     8 |    11 ||    19
       Tailslap          |     6 |     9 ||    15
       Punch             |     2 |       ||     2
 Cast: Beastly Appendage |    19 |    30 ||    49
  Use: Potion            |       |     2 ||     2
Armor: Skin              |    39 |    40 ||    79
Dodge: Dodged            |    58 |    75 ||   133

Table legend: (Time is in decaauts)
 A = Elapsed time spent in this place.
 B = Non-inter-level travel time spent in this place.
 C = Inter-level travel time spent in this place.
 D = Time resting spent in this place.
 E = Time spent auto-exploring this place.
 F = Levels seen in this place.
 G = Mean time per level.
                   A        B        C        D        E       F      G
               +--------+--------+--------+--------+--------+-----+--------+
         Total |   3658 |   3570 |     88 |      0 |   3077 |   4 |  914.5 |
       Dungeon |   3658 |   3570 |     88 |      0 |   3077 |   4 |  914.5 |
               +--------+--------+--------+--------+--------+-----+--------+

Top non-repeatable levels by time:
     D:2: 1740 daAuts
     D:3: 937 daAuts
     D:1: 916 daAuts
     D:4: 64 daAuts
